AoeStats
← 3249375863

Migration

506314759Analyzed
1v1 RM · 18d ago on Sep 13, 2026· 24m 57s· 2 players
Game mode
Random Map
Map size
132×132
Population
200
Speed
Normal
Resources
Standard
Victory
Conquest
Starting age
Dark Age
Ending age
Imperial Age
RankedLock teamsTeams togetherTeam positionsShared explorationLock speedFull tech treeHidden civsTurbo modeCheats
Victory
Defeat
🇺🇸 Bohemians · United States
259
+12
🇨🇳 Huns · China
168
-12
3249375863
12:28 Feudal Age
14:43 Wheelbarrow
14:15 Double-Bit Axe
23:45 Castle Age
21:58 Fishing Lines
jbleasehill
0:40 Loom
12:12 Feudal Age
14:12 Horse Collar
14:23 Double-Bit Axe
21:12 Wheelbarrow
Connection lost

Rejoining the realm…

Still unreachable

The connection could not be restored.

Session expired

The server has moved on; the page needs a fresh start.